 Dungeon Crawl Stone Soup version 0.29.1-1-gd02db6906a (webtiles) character file.

Game seed: 11011994269066197172

219 Sabo the Digger (level 5, -4/31 HPs)
             Began as an Octopode Earth Elementalist on Oct 16, 2022.
             Was a Believer of the Shining One.
             Killed from afar by an orc wizard (7 damage)
             ... with a puff of flame
             ... on level 4 of the Dungeon.
             The game lasted 00:25:57 (4774 turns).

Sabo the Digger (Octopode Earth Elementalist)       Turns: 4774, Time: 00:25:57

Health: -4/31      AC:  1    Str:  8      XL:     5   Next: 96%
Magic:  10/10      EV: 13    Int: 17 (19) God:    the Shining One [**....]
Gold:   174        SH:  0    Dex: 10 (12) Spells: 7/11 levels left

rFire   . . .      SeeInvis .   g - +0 morningstar
rCold   . . .      Faith    .   (no shield)
rNeg    + . .      Spirit   .   (helmet restricted)
rPois   .          Reflect  .   e - amulet of magic regeneration
rElec   .          Harm     .   f - +4 ring of slaying
rCorr   .          Rampage  .   (no ring)
Will    .....                   (no ring)
Stlth   +.........              (no ring)
HPRegen 0.10/turn               (no ring)
MPRegen 0.52/turn               (no ring)
                                (no ring)
                                (no ring)

@: confused, glowing
A: almost no armour, amphibious, 8 rings, camouflage 1, gelatinous body 1,
(nimble swimmer 1), tentacles
a: Renounce Religion, Divine Shield


You were on level 4 of the Dungeon.
You worshipped the Shining One.
The Shining One was pleased with you.
You visited 1 branch of the dungeon, and saw 4 of its levels.

You collected 174 gold pieces.

Inventory:

Hand Weapons
 g - a +0 morningstar (weapon)
 h - a +1 dagger of distortion
 i - a +1 dagger of venom
Missiles
 b - 5 javelins (quivered)
 k - 5 boomerangs
 o - 11 poisoned darts
Jewellery
 e - an amulet of magic regeneration (around mantle)
 f - a +4 ring of slaying (left tentacle)
Scrolls
 d - a scroll of teleportation
 j - a scroll of blinking
 m - 2 scrolls of immolation {unknown}
 q - a scroll of poison {unknown}
 r - a scroll of butterflies
Potions
 a - a potion of magic
 l - a potion of might {unknown}
 n - a potion of curing {unknown}


   Skills:
 + Level 0.2 Fighting
 + Level 0.1 Short Blades
 + Level 1.4 Maces & Flails
 + Level 0.4 Throwing
 + Level 2.3 Dodging
 + Level 3.5 Stealth
 + Level 3.5 Spellcasting
 + Level 1.0 Transmutations
 + Level 4.5 Earth Magic


You had 7 spell levels left.
You knew the following spells:

 Your Spells              Type           Power      Damage    Failure   Level
a - Sandblast             Erth           36%        2d10      2%          1
b - Stone Arrow           Conj/Erth      20%        3d8       21%         3

Your spell library contained the following spells:

 Spells                   Type           Power      Damage    Failure   Level
 Passwall                 Tmut/Erth      10%        N/A       8%          2
 Apportation              Tloc           4%         N/A       17%         1
 Necrotise                Necr           8%         1d4       17%         1
 Summon Small Mammal      Summ           8%         N/A       17%         1
 Petrify                  Tmut/Erth      12%        N/A       45%         4


Dungeon Overview and Level Annotations

Branches:
Dungeon (4/15)             Temple (0/1) D:4

Altars:
Xom
The Shining One

Shops:
D:3 (


Innate Abilities, Weirdness & Mutations

You cannot wear most types of armour.
You are amphibious.
You can wear up to eight rings at the same time.
Your skin changes colour to match your surroundings (Stealth+).
Your rubbery body absorbs attacks. (AC +1, EV +1)
((You are camouflaged when in or above water. (Stealth+)))
You have tentacles for arms and can constrict up to eight enemies at once.


Message History

The orc priest shouts!
The orc shouts! x2
You hear a shout!
The orc wizard mumbles some strange words.
The orc wizard flickers and vanishes!
You hit the orc wizard.
You kill the orc wizard!
The orc wizard barely misses you.
A puff of flame appears from out of thin air!
The puff of flame misses you.
A magic dart appears from out of thin air!
The magic dart hits you! The orc misses you. x2
The orc wizard hits you with a +0 dagger.
You feel your dexterity returning.
You barely miss the orc. You squeeze the orc!
You kill the orc!
The orc wizard hits you with a +0 dagger.
* * * LOW HITPOINT WARNING * * *
You completely miss the orc wizard. Your squeeze misses the orc wizard.
The orc wizard is moderately wounded.
The orc wizard closely misses you.
The orc priest looks encouraged for a moment.
The orc wizard misses you.
An orc wizard comes into view.
It is wielding a +0 dagger and wearing a +0 robe of cold resistance.
You are too confused!
You closely miss the orc wizard. Your squeeze misses the orc wizard.
The orc wizard is moderately wounded.
You feel less confused.
An orc comes into view. It is wielding a +0 club.
The orc wizard closely misses you. The orc barely misses you.
You hit the orc. You grab the orc. You squeeze the orc, but do no damage.
The orc is moderately wounded.
You constrict the orc. The orc wizard casts a spell at you.
You are confused.
The orc hits you with a +0 hand axe.
* * * LOW HITPOINT WARNING * * *
The orc wizard points at you and mumbles some strange words.
The puff of flame hits you!
You die...

##### ##### #### #..(#
#...###... .
#...#####...##.... ...
#..............#.#
....####.................
.().o.oo@................
.(...{Yoo..............#.
..............##.........
..............##.........
......o.......##....#.#.#
..Y
.............###....#....
. ..
.....o.###.##.......##...
.. .. ....... #.#
.......##... ...
#.#####.... ...
............


You could see a sky beast, an orc priest, 3 orc wizards and 3 orcs.

Vanquished Creatures
  3 orc wizards (D:4)
  A gnoll (D:1)
  6 adders
  A dart slug (D:2)
  5 orcs
  4 ball pythons
  5 bats
  7 endoplasms
  A giant cockroach (D:1)
  6 goblins
  4 hobgoblins
  13 jackals
  A quokka (D:1)
  5 frilled lizards
  8 kobolds
  A rat (D:3)
71 creatures vanquished.

Notes
Turn   | Place    | Note
-------+----------+-------------------------------------------
     0 | D:1      | Sabo the Octopode Earth Elementalist began the quest for
                  | the Orb.
     0 | D:1      | Reached XP level 1. HP: 11/11 MP: 3/3
   400 | D:1      | Reached XP level 2. HP: 17/17 MP: 1/5
   923 | D:1      | Found a faded altar of an unknown god.
   929 | D:1      | Reached XP level 3. HP: 21/21 MP: 6/6
   936 | D:1      | Prayed at the altar of an unknown god.
   936 | D:1      | Became a worshipper of the Shining One
   936 | D:1      | Reached * piety under the Shining One
  1591 | D:2      | Found a shimmering altar of Xom.
  1631 | D:2      | You fall into a shaft and drop 2 floors!
  1640 | D:4      | Found a staircase to the Ecumenical Temple.
  1651 | D:4      | Noticed a sky beast
  2166 | D:2      | Reached XP level 4. HP: 27/27 MP: 6/8
  2173 | D:2      | Learned a level 3 spell: Stone Arrow
  2486 | D:2      | Reached skill level 4 in Earth Magic
  3497 | D:3      | Found Rugaiw's Antique Weapon Emporium.
  3728 | D:3      | Reached XP level 5. HP: 31/31 MP: 9/9
  4541 | D:4      | Reached skill level 1 in Maces & Flails
  4772 | D:4      | Reached ** piety under the Shining One
  4774 | D:4      | Killed from afar by an orc wizard

Illustrated notes

Levels and vault maps discovered:
D:1:      erik_arrival_blinker_ship, layout_loops_ring,
          shapermc_ecumenical_altar_pompeii, minmay_misc_feat_doors
D:2:      layout_loops_ring, basic_altar
D:3:      layout_basic, serial_shops, shop
D:4:      layout_basic, minmay_temple_entry_junction_2, minmay_misc_feat_five,
          uniq_crazy_yiuf_cottage

Skill      XL: |  1  2  3  4  5 |
---------------+----------------+-----
Earth Magic    | 4 |  4.5
Stealth        | 3 |  3.5
Spellcasting   | 3 |  3.5
Maces & Flails | 1 |  1.4
Fighting       | |  0.2
Short Blades   | |  0.1
Throwing       | |  0.4
Dodging        | |  2.3
Transmutations | |  1.0

Action                   |  1- 3 |  4- 6 || total
-------------------------+-------+-------++-------
Melee: Unarmed           |     5 |       ||     5
       Constrict         |     4 |     5 ||     9
       Tentacles         |     2 |     4 ||     6
       Short sword       |     8 |       ||     8
       Morningstar       |     1 |    22 ||    23
Throw: Javelin           |       |    11 ||    11
 Cast: Sandblast         |    37 |    25 ||    62
  Use: Scroll            |       |     3 ||     3
       Potion            |       |     1 ||     1
Armor: Skin              |       |     1 ||     1
Dodge: Dodged            |    18 |    19 ||    37
